[ AOE2 MATCH · #508036703 ]
UnrankedMongols vs Byzantines
Player's team · LOSS
Rival team · WIN
[ REPLAY ANALYSIS · EXTRACTED FROM THE RECORDED GAME ]
Feudal
9:27
Castle
23:01
Imperial
43:01
| APM avg | 52.7 |
| APM peak | 117 |
| eAPM avg | 29.5 |
| Villagers / military | 136 / 146 |
Focus
⚔️ 35.8% · 🌾 64.2%
Scout Cavalry ×65 · Mangudai ×39 · Camel Scout ×13 · Monk ×9 · Archer ×5 · Scorpion ×5
Feudal
9:18
Castle
25:02
Imperial
38:01
| APM avg | 51.3 |
| APM peak | 92 |
| eAPM avg | 23.5 |
| Villagers / military | 156 / 131 |
Focus
⚔️ 38.2% · 🌾 61.8%
Camel Scout ×103 · Spearman ×7 · Monk ×6 · Skirmisher ×4 · Scout Cavalry ×4 · Trebuchet (Packed) ×4
Match map
Initial resources + every placement click. Lines = walls · curves = elevation contours. ◆ gold · ⬟ stone · ● berries · ✦ relic · ◌ wall gap
Your base· Open — 9t gap
适才相戏耳's base· ✓ Closed at 25:02 · 55t walls · 1 gate(s)
Smoothed initial terrain · ◌ = detected wall gap · hover for details
Inputs per minute
— HellionBlue - - 适才相戏耳
Build order — HellionBlue
First 150 of 385 actions detected
| 0:01 | Queue | Villager (Male) |
| 0:01 | Queue | Villager (Male) |
| 0:01 | Queue | Villager (Male) |
| 0:02 | Build | House |
| 0:04 | Build | House |
| 0:04 | Queue | Villager (Male) |
| 0:05 | Queue | Villager (Male) |
| 1:27 | Queue | Villager (Male) |
| 1:27 | Queue | Villager (Male) |
| 2:03 | Queue | Villager (Male) |
| 2:03 | Queue | Villager (Male) |
| 2:33 | Queue | Villager (Male) |
| 2:33 | Queue | Villager (Male) |
| 2:33 | Queue | Villager (Male) |
| 2:33 | Queue | Villager (Male) |
| 2:44 | Build | Lumber Camp |
| 2:50 | Queue | Villager (Male) |
| 2:50 | Queue | Villager (Male) |
| 2:51 | Queue | Villager (Male) |
| 3:12 | Build | House |
| 3:29 | Queue | Villager (Male) |
| 3:29 | Queue | Villager (Male) |
| 3:30 | Queue | Villager (Male) |
| 3:30 | Queue | Villager (Male) |
| 3:38 | Build | House |
| 5:25 | Queue | Villager (Male) |
| 6:01 | Queue | Villager (Male) |
| 6:10 | Build | Barracks |
| 6:25 | Queue | Villager (Male) |
| 7:14 | Queue | Militia |
| 7:15 | Queue | Militia |
| 7:17 | Research | Feudal Age |
| 7:17 | Research | Feudal Age |
| 7:20 | Build | Mill |
| 8:10 | Queue | Militia |
| 8:15 | Build | Mining Camp |
| 8:41 | Queue | Villager (Male) |
| 9:27 | Age | Feudal Age |
| 9:32 | Research | Man-at-Arms (upgrade) |
| 9:37 | Queue | Villager (Male) |
| 9:39 | Queue | Villager (Male) |
| 9:54 | Build | Archery Range |
| 10:18 | Queue | Villager (Male) |
| 10:19 | Research | Loom |
| 10:23 | Build | Mill |
| 10:26 | Queue | Villager (Male) |
| 10:32 | Build | House |
| 10:33 | Build | House |
| 10:48 | Queue | Villager (Male) |
| 11:04 | Queue | Villager (Male) |
| 11:14 | Build | Farm |
| 11:14 | Build | Farm |
| 11:14 | Build | Farm |
| 11:14 | Build | Farm |
| 11:15 | Build | Farm |
| 11:15 | Build | Farm |
| 11:15 | Build | Farm |
| 11:15 | Build | Farm |
| 11:16 | Build | Farm |
| 11:31 | Research | Double-Bit Axe |
| 11:31 | Research | Double-Bit Axe |
| 11:31 | Research | Double-Bit Axe |
| 12:09 | Queue | Spearman |
| 12:25 | Build | Farm |
| 12:27 | Build | Farm |
| 12:29 | Build | Farm |
| 12:34 | Queue | Villager (Male) |
| 12:34 | Queue | Villager (Male) |
| 12:34 | Queue | Villager (Male) |
| 12:53 | Build | Farm |
| 12:59 | Build | Farm |
| 13:02 | Queue | Villager (Male) |
| 13:02 | Queue | Villager (Male) |
| 13:17 | Queue | Villager (Male) |
| 13:17 | Queue | Villager (Male) |
| 13:17 | Queue | Villager (Male) |
| 13:33 | Build | Lumber Camp |
| 13:35 | Queue | Villager (Male) |
| 13:44 | Queue | Villager (Male) |
| 13:49 | Build | House |
| 13:51 | Build | Palisade Wall |
| 13:53 | Build | Palisade Wall |
| 14:02 | Queue | Villager (Male) |
| 14:10 | Build | House |
| 14:11 | Build | Palisade Wall |
| 14:13 | Build | Palisade Wall |
| 14:18 | Build | Palisade Gate |
| 14:53 | Queue | Villager (Male) |
| 15:08 | Queue | Villager (Male) |
| 15:13 | Queue | Spearman |
| 15:18 | Queue | Villager (Male) |
| 15:19 | Queue | Archer ×5 |
| 15:25 | Build | Palisade Wall |
| 15:29 | Build | Palisade Wall |
| 15:32 | Build | Stable |
| 15:37 | Queue | Villager (Male) |
| 15:40 | Build | Farm |
| 15:40 | Build | Farm |
| 15:41 | Build | Farm |
| 15:41 | Build | Farm |
| 15:41 | Build | Farm |
| 15:57 | Research | Wheelbarrow |
| 15:57 | Research | Wheelbarrow |
| 15:57 | Queue | Villager (Male) |
| 16:07 | Queue | Villager (Male) |
| 16:20 | Build | Farm |
| 16:22 | Build | Farm |
| 16:34 | Queue | Spearman |
| 16:39 | Queue | Scout Cavalry ×2 |
| 16:41 | Queue | Villager (Male) |
| 16:49 | Build | Palisade Gate |
| 17:01 | Queue | Scout Cavalry |
| 17:19 | Build | Farm |
| 17:20 | Build | Farm |
| 17:21 | Build | Farm |
| 17:21 | Research | Horse Collar |
| 17:32 | Build | Farm |
| 17:53 | Queue | Scout Cavalry |
| 18:01 | Queue | Villager (Male) |
| 18:03 | Build | Farm |
| 18:07 | Build | Farm |
| 18:19 | Queue | Scout Cavalry |
| 18:37 | Build | Blacksmith |
| 18:52 | Queue | Villager (Male) |
| 19:04 | Build | Market |
| 19:05 | Build | Palisade Wall |
| 19:14 | Queue | Scout Cavalry |
| 19:19 | Build | House |
| 19:21 | Build | Palisade Wall |
| 19:25 | Build | House |
| 19:41 | Queue | Villager (Male) |
| 19:44 | Research | Town Watch |
| 19:44 | Queue | Villager (Male) |
| 20:11 | Build | Palisade Wall |
| 20:11 | Build | Palisade Wall |
| 20:21 | Research | Castle Age |
| 20:21 | Research | Castle Age |
| 20:35 | Research | Forging |
| 20:35 | Research | Scale Barding Armor |
| 20:47 | Build | Stable |
| 20:49 | Build | Palisade Wall |
| 21:02 | Queue | Villager (Male) |
| 21:27 | Research | Bloodlines |
| 21:27 | Research | Bloodlines |
| 21:29 | Queue | Villager (Male) |
| 21:48 | Queue | Scout Cavalry |
| 21:48 | Queue | Scout Cavalry |
| 22:04 | Queue | Scout Cavalry |
| 22:49 | Build | Palisade Wall |
| 23:01 | Age | Castle Age |
Build order — 适才相戏耳
First 150 of 386 actions detected
| 0:00 | Queue | Villager (Male) |
| 0:01 | Queue | Villager (Male) |
| 0:02 | Build | House |
| 0:04 | Build | House |
| 0:18 | Queue | Villager (Male) |
| 0:32 | Queue | Villager (Male) |
| 0:41 | Build | Mill |
| 1:27 | Queue | Villager (Male) |
| 2:07 | Research | Loom |
| 2:16 | Queue | Villager (Male) |
| 2:48 | Queue | Villager (Male) |
| 3:18 | Queue | Villager (Male) |
| 3:32 | Build | Lumber Camp |
| 3:40 | Queue | Villager (Male) |
| 3:58 | Build | House |
| 4:01 | Queue | Villager (Male) |
| 4:12 | Queue | Villager (Male) |
| 4:44 | Queue | Villager (Male) |
| 5:05 | Queue | Villager (Male) |
| 5:21 | Queue | Villager (Male) |
| 5:54 | Queue | Villager (Male) |
| 6:40 | Queue | Villager (Male) |
| 7:08 | Research | Feudal Age |
| 8:25 | Build | Barracks |
| 8:28 | Build | Palisade Wall |
| 8:35 | Build | Palisade Wall |
| 8:38 | Build | Palisade Wall |
| 8:42 | Build | House |
| 8:44 | Build | Palisade Wall |
| 9:08 | Queue | Villager (Male) |
| 9:18 | Age | Feudal Age |
| 9:20 | Queue | Villager (Male) |
| 9:24 | Build | House |
| 9:29 | Build | Palisade Wall |
| 9:45 | Queue | Villager (Male) |
| 9:59 | Queue | Villager (Male) |
| 10:06 | Build | Stable |
| 10:15 | Queue | Villager (Male) |
| 10:17 | Research | Double-Bit Axe |
| 10:20 | Build | House |
| 10:26 | Queue | Villager (Male) |
| 10:33 | Queue | Villager (Male) |
| 10:40 | Queue | Villager (Male) |
| 10:55 | Build | House |
| 10:58 | Build | House |
| 11:00 | Queue | Scout Cavalry |
| 11:07 | Build | Palisade Wall |
| 11:11 | Build | Mill |
| 11:17 | Build | Palisade Wall |
| 11:20 | Queue | Villager (Male) |
| 11:31 | Queue | Villager (Male) |
| 11:44 | Build | Farm |
| 11:45 | Build | Farm |
| 11:46 | Build | Farm |
| 12:04 | Build | Farm |
| 12:06 | Build | Farm |
| 12:12 | Queue | Villager (Male) |
| 12:24 | Queue | Villager (Male) |
| 12:29 | Build | House |
| 12:40 | Build | Farm |
| 12:41 | Build | Farm |
| 12:52 | Queue | Villager (Male) |
| 13:07 | Queue | Villager (Male) |
| 13:12 | Queue | Villager (Male) |
| 13:16 | Build | Archery Range |
| 13:20 | Build | Farm |
| 13:30 | Build | Palisade Wall |
| 13:36 | Research | Horse Collar |
| 13:51 | Queue | Scout Cavalry |
| 13:56 | Build | House |
| 14:05 | Build | Farm |
| 14:06 | Build | Farm |
| 14:13 | Queue | Villager (Male) |
| 14:17 | Build | House |
| 14:18 | Queue | Villager (Male) |
| 14:36 | Build | House |
| 14:43 | Queue | Villager (Male) |
| 14:45 | Queue | Scout Cavalry |
| 15:00 | Queue | Villager (Male) |
| 15:08 | Queue | Villager (Male) |
| 15:16 | Build | Palisade Wall |
| 15:19 | Build | Palisade Wall |
| 15:21 | Queue | Skirmisher |
| 15:24 | Queue | Villager (Male) |
| 15:32 | Build | Farm |
| 15:33 | Build | Farm |
| 15:34 | Build | Farm |
| 15:41 | Build | Lumber Camp |
| 15:43 | Build | Palisade Wall |
| 15:46 | Build | Palisade Wall |
| 15:55 | Queue | Villager (Male) |
| 16:27 | Queue | Villager (Male) |
| 16:33 | Queue | Skirmisher |
| 16:33 | Queue | Skirmisher |
| 16:37 | Queue | Villager (Male) |
| 16:48 | Queue | Villager (Male) |
| 16:52 | Queue | Skirmisher |
| 16:58 | Build | Blacksmith |
| 17:01 | Queue | Villager (Male) |
| 17:02 | Queue | Scout Cavalry |
| 17:10 | Build | Farm |
| 17:11 | Build | Farm |
| 17:12 | Build | Farm |
| 17:19 | Queue | Villager (Male) |
| 17:43 | Queue | Villager (Male) |
| 18:00 | Build | Farm |
| 18:12 | Queue | Villager (Male) |
| 18:22 | Build | Mining Camp |
| 18:29 | Queue | Villager (Male) |
| 18:34 | Build | Farm |
| 18:35 | Build | Farm |
| 18:35 | Build | Farm |
| 18:35 | Build | Farm |
| 18:36 | Build | Farm |
| 18:36 | Build | Farm |
| 18:36 | Build | Farm |
| 18:37 | Build | Farm |
| 18:49 | Queue | Spearman |
| 19:00 | Research | Gold Mining |
| 19:19 | Queue | Villager (Male) |
| 19:25 | Research | Fletching |
| 19:36 | Queue | Villager (Male) |
| 19:46 | Build | Farm |
| 19:53 | Queue | Spearman |
| 20:07 | Build | Farm |
| 20:18 | Queue | Villager (Male) |
| 20:25 | Queue | Villager (Male) |
| 20:30 | Queue | Spearman |
| 20:40 | Build | House |
| 20:43 | Build | Farm |
| 20:45 | Build | Farm |
| 20:59 | Queue | Spearman |
| 21:03 | Build | House |
| 21:06 | Build | Palisade Wall |
| 21:10 | Queue | Spearman |
| 21:29 | Queue | Villager (Male) |
| 21:40 | Build | Mining Camp |
| 21:52 | Build | Lumber Camp |
| 21:56 | Build | Market |
| 22:22 | Research | Castle Age |
| 22:32 | Build | Stable |
| 22:38 | Build | House |
| 22:41 | Build | Palisade Wall |
| 22:53 | Build | Palisade Gate |
| 22:55 | Build | Palisade Wall |
| 23:17 | Queue | Spearman |
| 23:18 | Queue | Spearman |
| 23:26 | Build | Stable |
| 23:30 | Build | House |
| 23:37 | Build | Farm |
Match timeline
| 6:10 | HellionBlue · first_building Barracks |
| 8:25 | 适才相戏耳 · first_building Barracks |
| 8:28 | 适才相戏耳 · wall_segment Palisade Wall x2 |
| 8:35 | 适才相戏耳 · wall_segment Palisade Wall x4 |
| 8:38 | 适才相戏耳 · wall_segment Palisade Wall x5 |
| 8:44 | 适才相戏耳 · wall_segment Palisade Wall x1 |
| 9:18 | 适才相戏耳 · age_up feudal |
| 9:27 | HellionBlue · age_up feudal |
| 9:29 | 适才相戏耳 · wall_segment Palisade Wall x10 |
| 9:54 | HellionBlue · first_building Archery Range |
| 10:06 | 适才相戏耳 · first_building Stable |
| 11:07 | 适才相戏耳 · wall_segment Palisade Wall x1 |
| 11:17 | 适才相戏耳 · wall_segment Palisade Wall x1 |
| 13:16 | 适才相戏耳 · first_building Archery Range |
| 13:30 | 适才相戏耳 · wall_segment Palisade Wall x2 |
| 13:51 | HellionBlue · wall_segment Palisade Wall x5 |
| 13:53 | HellionBlue · wall_segment Palisade Wall x6 |
| 14:11 | HellionBlue · wall_segment Palisade Wall x6 |
| 14:13 | HellionBlue · wall_segment Palisade Wall x5 |
| 15:16 | 适才相戏耳 · wall_segment Palisade Wall x1 |
| 15:19 | 适才相戏耳 · wall_segment Palisade Wall x1 |
| 15:25 | HellionBlue · wall_segment Palisade Wall x1 |
| 15:29 | HellionBlue · wall_segment Palisade Wall x1 |
| 15:32 | HellionBlue · first_building Stable |
| 15:43 | 适才相戏耳 · wall_segment Palisade Wall x1 |
| 15:46 | 适才相戏耳 · wall_segment Palisade Wall x1 |
| 19:05 | HellionBlue · wall_segment Palisade Wall x1 |
| 19:21 | HellionBlue · wall_segment Palisade Wall x1 |
| 20:11 | HellionBlue · wall_segment Palisade Wall x5 |
| 20:11 | HellionBlue · wall_segment Palisade Wall x1 |
| 20:49 | HellionBlue · wall_segment Palisade Wall x4 |
| 21:06 | 适才相戏耳 · wall_segment Palisade Wall x7 |
| 22:41 | 适才相戏耳 · wall_segment Palisade Wall x7 |
| 22:49 | HellionBlue · wall_segment Palisade Wall x4 |
| 22:55 | 适才相戏耳 · wall_segment Palisade Wall x9 |
| 23:01 | HellionBlue · age_up castle |
| 23:14 | HellionBlue · wall_segment Palisade Wall x8 |
| 24:18 | HellionBlue · first_building Monastery |
| 24:26 | 适才相戏耳 · wall_segment Palisade Wall x1 |
| 24:30 | 适才相戏耳 · wall_segment Palisade Wall x1 |
| 24:43 | HellionBlue · wall_segment Palisade Wall x1 |
| 24:43 | HellionBlue · wall_segment Palisade Wall x1 |
| 25:02 | 适才相戏耳 · age_up castle |
| 25:43 | 适才相戏耳 · first_building Monastery |
| 25:54 | HellionBlue · first_building Siege Workshop |
| 27:04 | 适才相戏耳 · first_building Siege Workshop |
| 29:48 | HellionBlue · first_market_sell 100 wood |
| 30:23 | HellionBlue · wall_segment Stone Wall x10 |
| 32:30 | HellionBlue · first_building Castle |
| 32:43 | HellionBlue · wall_segment Palisade Wall x4 |
| 34:03 | HellionBlue · wall_segment Palisade Wall x3 |
| 34:31 | 适才相戏耳 · first_market_sell 100 food |
| 37:56 | 适才相戏耳 · first_building Castle |
| 38:01 | 适才相戏耳 · age_up imperial |
| 38:17 | 适才相戏耳 · wall_segment Stone Wall x6 |
| 38:22 | 适才相戏耳 · wall_segment Stone Wall x6 |
| 38:23 | 适才相戏耳 · wall_segment Stone Wall x6 |
| 38:56 | 适才相戏耳 · wall_segment Stone Wall x3 |
| 39:40 | 适才相戏耳 · first_market_buy 100 wood |
| 42:04 | 适才相戏耳 · wall_segment Stone Wall x10 |
| 42:55 | HellionBlue · first_market_buy 100 wood |
| 43:01 | HellionBlue · age_up imperial |
| 44:02 | HellionBlue · resign |
[ AI ANALYSIS · 1 CREDIT ]
What really happened in this match?
Wolo.gg analyzes every decision: build order, eco, micro, common mistakes by bracket. Personalized analysis on WhatsApp or Discord in 30 seconds.
Civ guide
Mongols
Perfil
HellionBlue